 Dungeon Crawl Stone Soup version 0.27-a0-760-gc38aae387d (webtiles) character file.

Game seed: 12777287340446432618

166 polve the Slasher (level 5, -12/41 HPs)
             Began as a Demonspawn Abyssal Knight on Mar 24, 2021.
             Was a Believer of Lugonu.
             Killed by nerve-wracking pain
             ... invoked by an orc priest
              (13 damage)
             ... on level 4 of the Dungeon.
             The game lasted 00:01:57 (3784 turns).

polve the Slasher (Demonspawn Abyssal Knight)       Turns: 3784, Time: 00:01:58

Health: -12/41     AC:  7    Str: 12    XL:     5   Next: 22%
Magic:  6/6        EV: 11    Int: 15    God:    Lugonu [**....]
Gold:   180        SH:  0    Dex: 12    Spells: 4/4 levels left

rFire    . . .     SeeInvis .   a - +1 falchion
rCold    . . .     Faith    .   (no shield)
rNeg     . . .     Spirit   .   b - +0 leather armour
rPois    .         Reflect  .   (no helmet)
rElec    .         Harm     .   i - +1 cloak
rCorr    .         Rampage  .   (no gloves)
Will     .....                  (no boots)
Stlth    +.........             (no amulet)
HPRegen  0.13/turn              (no ring)
MPRegen  0.10/turn              (no ring)

@: no status effects
A: icy blue scales 1, foul stench 1
a: Renounce Religion, Depart the Abyss, Bend Space


You were on level 4 of the Dungeon.
You worshipped Lugonu.
Lugonu was pleased with you.
You visited 1 branch of the dungeon, and saw 4 of its levels.
You visited the Abyss 1 time.

You collected 180 gold pieces.

Inventory:

Hand Weapons
 a - a +1 falchion (weapon)
Armour
 b - a +0 leather armour (worn)
 i - a +1 cloak (worn)
 l - a +0 pair of boots
 n - a +0 pair of boots
Jewellery
 k - an amulet of the acrobat
Scrolls
 e - a scroll of immolation {unknown}
 h - a scroll of vulnerability {unknown}
 j - a scroll of teleportation {unknown}
 o - 3 scrolls of enchant weapon {unknown}
Potions
 c - 2 potions of degeneration {unknown}
 d - a potion of flight {unknown}
 f - 2 potions of heal wounds {unknown}
 g - a potion of curing {unknown}
 m - a potion of resistance {unknown}


   Skills:
 - Level 3.0 Fighting
 + Level 5.0 Long Blades
 - Level 1.7 Armour
 - Level 0.8 Dodging
 - Level 2.4 Invocations


You had 4 spell levels left.
You didn't know any spells.
Your spell library was empty.

Dungeon Overview and Level Annotations

Branches:
Dungeon (4/15)
 Temple: D:4-7

Altars:
Ashenzari
Kikubaaqudgha
Ru
The Shining One

Shops:
D:2 ?


Innate Abilities, Weirdness & Mutations

You are partially covered in icy blue scales. (AC +2)
You may rarely emit foul miasma when damaged in melee.


Message History

You hit the orc.
The orc is severely wounded.
The orc hits you but does no damage.
You closely miss the orc.
The orc is severely wounded.
The orc barely misses you.
You barely miss the orc.
The orc is severely wounded.
The orc hits you but does no damage.
You hit the orc.
You kill the orc!
Lugonu accepts your kill.
You barely miss the orc priest.
The orc priest hits you but does no damage.
You hit the orc priest but do no damage.
The orc priest closely misses you.
You closely miss the orc priest. The orc priest closely misses you.
The orc priest barely misses you.
You riposte.
You hit the orc priest.
The orc priest is moderately wounded.
You hit the orc priest.
The orc priest is heavily wounded.
The orc priest hits you with a +0 flail!
You hit the orc priest.
The orc priest is heavily wounded.
The orc priest calls down the wrath of Beogh upon you.
Beogh smites you!
* * * LOW HITPOINT WARNING * * *
You hit the orc priest but do no damage.
The orc priest is heavily wounded.
The orc priest hits you with a +0 flail.
* * * LOW HITPOINT WARNING * * *
You hit the orc priest.
The orc priest is heavily wounded.
The orc priest hits you with a +0 flail.
* * * LOW HITPOINT WARNING * * *
You hit the orc priest but do no damage.
The orc priest is heavily wounded.
The orc priest calls down the wrath of Beogh upon you.
Pain shoots through your body!
You die...

....... .......
....$$. ....$..
....... .......
.......#########
.........o@....#
........######.#
###+#+#.# #.#
#.# #.# #.# #.#
..# #.#
########.##
.........#
.........#


You could see an orc priest.

Vanquished Creatures
  A vampire bat (D:2)
  An orc priest (D:4)
  2 adders (D:2)
  2 worms
  2 dart slugs
  2 orcs (D:4)
  4 bats
  A bat skeleton (D:2)
  3 bat zombies (D:2)
  8 endoplasms (D:1)
  A giant cockroach (D:3)
  5 goblins
  3 hobgoblins
  3 jackals (D:1)
  2 quokkas
  7 ball pythons
  4 frilled lizards
  5 kobolds
  8 rats
  A bush (D:2)
65 creatures vanquished.

Notes
Turn   | Place    | Note
-------+----------+-------------------------------------------
     0 | Abyss:1  | polve the Demonspawn Abyssal Knight began the quest for the
                  | Orb.
     0 | Abyss:1  | Reached XP level 1. HP: 18/18 MP: 2/2
    40 | Abyss:1  | Found a corrupted altar of Lugonu.
    42 | Abyss:1  | Noticed a sixfirhy
    44 | D:1      | Escaped the Abyss
    73 | D:1      | Reached skill level 2 in Long Blades
   384 | D:1      | Gained mutation: You may rarely emit foul miasma when
                  | damaged in melee. [demonic ancestry]
   384 | D:1      | Reached XP level 2. HP: 22/24 MP: 3/3
   790 | D:1      | Reached * piety under Lugonu
   864 | D:1      | Reached skill level 3 in Long Blades
  1348 | D:1      | Reached XP level 3. HP: 29/29 MP: 4/4
  1973 | D:2      | Found Iji His's Magic Scroll Shop.
  2031 | D:2      | Found a sacrificial altar of Ru.
  2693 | D:2      | Reached skill level 4 in Long Blades
  2693 | D:2      | Gained mutation: You are partially covered in icy blue
                  | scales. (AC +2) [demonic ancestry]
  2693 | D:2      | Reached XP level 4. HP: 35/35 MP: 5/5
  2750 | D:2      | Found an ancient bone altar of Kikubaaqudgha.
  2981 | D:3      | Found a broken altar of Ashenzari.
  3419 | D:3      | Reached ** piety under Lugonu
  3766 | D:4      | Reached skill level 5 in Long Blades
  3766 | D:4      | Reached XP level 5. HP: 37/41 MP: 6/6
  3783 | D:4      | HP: 1/41 [orc priest/+0 flail (6)]
  3784 | D:4      | Killed from afar by an orc priest

Illustrated notes

Levels and vault maps discovered:
D:1:      mrwooster_arrival_statue_2, layout_basic, minmay_pentomino_u2
D:2:      layout_rooms, overflow_temple_1_default,
          nicolae_ru_sacrificial_ziggurat, kennysheep_vampire_church,
          serial_shops, shop, minmay_hedge_maze
D:3:      layout_loops_cross, evilmike_ruin_ashenzari
D:4:      layout_basic, makhleb_altar_promises_db

Skill      XL: |  1  2  3  4 |
---------------+-------------+-----
Long Blades    | 2 3 4 5 |  5.0
Fighting       | |  3.0
Armour         | |  1.7
Dodging        | |  0.8
Invocations    | |  2.4

Action                   |  1- 3 |  4- 6 || total
-------------------------+-------+-------++-------
Melee: Falchion          |   302 |    74 ||   376
Invok: Depart the Abyss  |     1 |       ||     1
 Stab: Sleeping          |     2 |       ||     2
Armor: Leather armour    |    33 |    45 ||    78
Dodge: Dodged            |    62 |    54 ||   116
       Rpst.: Falchion   |    19 |    20 ||    39

Table legend: (Time is in decaauts)
 A = Elapsed time spent in this place.
 B = Non-inter-level travel time spent in this place.
 C = Inter-level travel time spent in this place.
 D = Time resting spent in this place.
 E = Time spent auto-exploring this place.
 F = Levels seen in this place.
 G = Mean time per level.
                   A        B        C        D        E       F      G
               +--------+--------+--------+--------+--------+-----+--------+
         Total |   3827 |   3735 |     92 |      0 |   3102 |   5 |  765.4 |
       Dungeon |   3783 |   3691 |     92 |      0 |   3060 |   4 |  945.8 |
         Abyss |     44 |     44 |      0 |      0 |     42 |   1 |   44.0 |
               +--------+--------+--------+--------+--------+-----+--------+

Top non-repeatable levels by time:
     D:1: 1779 daAuts
     D:2: 1147 daAuts
     D:3: 720 daAuts
     D:4: 136 daAuts
 Abyss:1: 44 daAuts
